 Dungeon Crawl Stone Soup version 0.29.0-4-gdea44cf6ec (webtiles) character file.

Game seed: 11967737052467976590

41238 DemonSlayer the Thaumaturge (level 13, -3/88 HPs)
             Began as a Demonspawn Fire Elementalist on Aug 27, 2022.
             Was the Champion of Cheibriados.
             Slain by a death yak (10 damage)
             ... while petrified by a catoblepas
             ... on level 4 of the Lair of Beasts.
             The game lasted 01:09:36 (27253 turns).

DemonSlayer the Thaumaturge (DsFE)                 Turns: 27253, Time: 01:09:37

Health: -3/88      AC: 11    Str: 23    XL:     13   Next: 78%
Magic:  2/31       EV:  2    Int: 44    God:    Cheibriados [******]
Gold:   830        SH:  0    Dex: 33    Spells: 1/40 levels left

rFire   . . .      SeeInvis .   N - +3 eveningstar (protect)
rCold   + + .      Faith    .   C - orb {*Rage}
rNeg    + + +      Spirit   .   I - +0 steam dragon scales
rPois   ∞          Reflect  .   o - +1 helmet
rElec   .          Harm     .   Q - +2 cloak {rC+}
rCorr   .          Rampage  .   P - +0 pair of gloves
Will    +....      Rage     20% (no boots)
Stlth   ++++......              E - amulet of the acrobat
HPRegen 0.24/turn               t - ring "Vanniug" {rC+ Will+ Dex+5 Slay+3}
MPRegen 0.22/turn               L - +4 ring of evasion

@: petrified, very slow
A: claws 1, demonic guardian 3, ignite blood 1, big brain 3
a: Renounce Religion, Bend Time, Temporal Distortion, Slouch, Step From Time


You were on level 4 of the Lair of Beasts.
You worshipped Cheibriados.
Cheibriados was exalted by your worship.
You visited 2 branches of the dungeon, and saw 15 of its levels.
You also visited: Sewer, Ossuary and Ice Cave.

You collected 830 gold pieces.

Inventory:

Hand Weapons
 g - a +0 vampiric spear
 B - a +3 rapier of flaming
 N - a +3 eveningstar of protection (weapon)
 U - a +2 great mace of freezing
Missiles
 b - 7 silver javelins
 j - a throwing net
 m - a curare-tipped dart
Armour
 o - a +1 helmet (worn)
 C - an orb of wrath (worn)
 I - +0 steam dragon scales (worn)
 K - +0 acid dragon scales
 M - a +2 robe of cold resistance
 O - a +1 robe of resistance
 P - a +0 pair of gloves (worn)
 Q - a +2 cloak of cold resistance (worn)
 T - a +2 plate armour of cold resistance
Jewellery
 e - a ring of protection from cold
 t - the ring "Vanniug" (left hand) {rC+ Will+ Dex+5 Slay+3}
   (You found it on level 3 of the Dungeon)

   [ring of willpower]

   Dex:       It affects your dexterity (+5).
   Slay:      It affects your accuracy & damage with ranged weapons and melee
   (+3).
   rC:        It protects you from cold.
   Will:      It increases your willpower.
 w - a ring of fire
 E - an amulet of the acrobat (around neck)
 L - a +4 ring of evasion (right hand)
 R - a ring of protection from cold
Wands
 a - a wand of iceblast (5)
 s - a wand of flame (14)
 u - a wand of charming (36)
 J - a wand of polymorph (6)
 W - a wand of quicksilver (5)
 X - a wand of mindburst (8)
Scrolls
 c - 6 scrolls of fog
 h - 5 scrolls of blinking
 r - a scroll of fear {unknown}
 v - a scroll of acquirement {unknown}
 y - 5 scrolls of teleportation
 A - 2 scrolls of enchant armour
 F - a scroll of enchant weapon
 G - a scroll of immolation
 S - 2 scrolls of vulnerability {unknown}
 V - 2 scrolls of identify
Potions
 d - 12 potions of curing
 f - 4 potions of brilliance
 i - 8 potions of flight
 k - 3 potions of cancellation
 l - 3 potions of magic
 n - 7 potions of heal wounds
 p - 5 potions of might
 q - 3 potions of attraction {unknown}
 x - 2 potions of invisibility {unknown}
 z - 2 potions of lignification {unknown}
 D - 3 potions of mutation
 H - 2 potions of ambrosia {unknown}


   Skills:
 + Level 4.0 Fighting
 + Level 2.0 Short Blades
 + Level 4.4 Maces & Flails
 + Level 1.7 Polearms
 + Level 0.4 Throwing
 + Level 5.7 Dodging
 + Level 4.2 Stealth
 + Level 0.2 Unarmed Combat
 + Level 14.4 Spellcasting
 + Level 4.1 Conjurations
 + Level 2.8 Hexes
 + Level 2.6 Summonings
 + Level 12.5 Fire Magic
 + Level 1.9 Ice Magic
 + Level 1.9 Air Magic
 + Level 4.0 Poison Magic
 + Level 0.6 Evocations


You had one spell level left.
You knew the following spells:

 Your Spells              Type           Power      Damage    Failure   Level
a - Foxfire               Conj/Fire      100%       2x1d9     1%          1
b - Scorch                Fire           100%       2d10      0%          2
c - Conjure Flame         Conj/Fire      81%        6-21      1%          3
d - Mephitic Cloud        Conj/Pois/Air  57%        N/A       1%          3
e - Flame Wave            Conj/Fire      81%        2d18      1%          4
f - Ozocubu's Armour      Ice            48%        N/A       1%          3
g - Metabolic Englaciati  Hex/Ice        26%        N/A       3%          5
h - Olgreb's Toxic Radia  Pois           61%        N/A       1%          4
i - Summon Mana Viper     Hex/Summ       54%        N/A       3%          5
j - Fulminant Prism       Conj/Hex       29%        3d14      1%          4
k - Lightning Bolt        Conj/Air       27%        1d44      2%          5

Your spell library contained the following spells:

 Spells                   Type           Power      Damage    Failure   Level
 Beastly Appendage        Tmut           62%        N/A       1%          1
 Magic Dart               Conj           100%       1d8       1%          1
 Sting                    Tmut/Pois      100%       1d8       1%          1
 Call Imp                 Summ           53%        N/A       1%          2
 Poisonous Vapours        Pois/Air       100%       N/A       1%          2
 Searing Ray              Conj           100%       2d8       1%          2
 Wereblood                Tmut           31%        N/A       1%          2
 Inner Flame              Hex/Fire       79%        N/A       1%          3
 Spider Form              Tmut/Pois      49%        N/A       1%          3
 Airstrike                Air            24%        2d(4-20)  1%          4
 Leda's Liquefaction      Hex/Erth       22%        N/A       1%          4
 Summon Lightning Spire   Summ/Air       51%        N/A       1%          4
 Summon Forest            Summ/Tloc      21%        N/A       6%          5
 Lee's Rapid Deconstruct  Erth           15%        3d11*     10%         5
 Manifold Assault         Tloc           31%        N/A       10%         5
 Summon Cactus Giant      Summ           26%        N/A       17%         6
 Simulacrum               Ice/Necr       20%        N/A       32%         6
 Dispersal                Tloc           15%        N/A       45%         6
 Statue Form              Tmut/Erth      20%        N/A       45%         6
 Disjunction              Tloc           15%        N/A       100%        8


Dungeon Overview and Level Annotations

Branches:
Dungeon (10/15)            Temple (0/1) D:4            Lair (5/5) D:10
  Swamp (0/4) Lair:3       Spider (0/4) Lair:3        Slime (0/5) Lair:4
  Sewer (visited)         Ossuary (visited)           IceCv (visited)
    Orc: D:9-12

Altars:
Ashenzari
Cheibriados
Gozag
Nemelex Xobeh
Sif Muna
Uskayaw
Vehumet
Wu Jian
Xom
Yredelemnul
Jiyva

Shops:
D:4 (   D:9 (


Innate Abilities, Weirdness & Mutations

You have sharp fingernails.
A powerful demonic guardian rushes to your aid.
Your demonic aura sometimes causes spilled blood to erupt in flames.
You have an absolutely massive brain. (Int +6, Wiz)


Message History

The death yak attacks as you move away! The death yak gores you!
The death yak attacks as you move away! The death yak closely misses you.
Your icy armour cracks and falls away as you move.
The death yak gores you!
The death yak snorts and paws the ground.
The death yak closely misses you.
The catoblepas roars fiercely, eyes lowered.
The catoblepas breathes a plume of calcifying dust at you.
The blast of calcifying dust hits you but does no damage.
The death yak gores you!
The yak is engulfed in calcifying dust.
The yak is moving more slowly.
The yak completely misses you.
The death yak is engulfed in calcifying dust.
The death yak is moving more slowly.
The death yak gores you but does no damage.
You have turned to stone.
You are engulfed in calcifying dust.
The death yak gores you!
* * * LOW HITPOINT WARNING * * *
The catoblepas breathes a plume of calcifying dust at you.
The blast of calcifying dust hits the death yak but does no damage.
The blast of calcifying dust hits you!
* * * LOW HITPOINT WARNING * * *
You are engulfed in calcifying dust.
The death yak is no longer more vulnerable to fire.
The komodo dragon hisses menacingly.
The death yak gores you!
* * * LOW HITPOINT WARNING * * *
A demonic guardian appears!
The death yak gores you.
* * * LOW HITPOINT WARNING * * *
The death yak gores you!
* * * LOW HITPOINT WARNING * * *
The death yak gores you but does no damage.
The catoblepas breathes a plume of calcifying dust at you.
The blast of calcifying dust hits the death yak!
The blast of calcifying dust hits you!
* * * LOW HITPOINT WARNING * * *
The death yak is engulfed in calcifying dust.
The death yak stops moving altogether!
Your smoke demon hits the catoblepas but does no damage. x3
You are engulfed in calcifying dust.
The death yak gores you!!
You die...

##.## ##.# ###
#####.#.###.###..
...............
........#...#
#...#.#..####
#####...........#
##.##.........!..#
..........#......#
..†.#P...##....Y@##
...###...#....YYYY#
..........#...§3.#YY....
##.##......###..#.#Y....
#.###.....#.#...#.l....
##.##...................
[...............## #.###
................. ##
##.P##..........#


You could see 4 death yaks, a catoblepas (ally target), a komodo dragon, 3 yaks
and a friendly smoke demon (summoned).

Vanquished Creatures
  A reaper (IceCv)
  A hydra (Lair:3)
  A two-headed ogre (D:10)
  12 death yaks
  Urug (Lair:1)
  Amaemon (Lair:2)
  5 elephants
  2 black mambas
  2 rime drakes
  2 ice statues (IceCv)
  An unseen horror (D:10)
  A torpor snail (Lair:5)
  3 komodo dragons
  5 ice devils (IceCv)
  6 cane toads
  Maggie (D:10)
  A troll (D:9)
  3 polar bears
  A hornet (D:10)
  8 blink frogs
  4 culicivoras (Lair:3)
  3 wyverns
  2 wraiths (D:9)
  28 yaks
  2 steam dragons
  3 basilisks
  A death yak simulacrum (Lair:3)
  13 water moccasins
  2 hydra simulacra (IceCv)
  An orc warrior (D:10)
  3 ice beasts
  2 sky beasts
  9 black bears
  16 wolves (Lair:2)
  A phantom (D:5)
  3 centaurs
  2 kobold brigands (Sewer)
  7 bullfrogs
  5 necrophages
  A cane toad simulacrum (IceCv)
  2 two-headed ogre simulacra (IceCv)
  2 scorpions
  4 wights (D:8)
  8 killer bees
  An elephant simulacrum (Lair:3)
  5 howler monkeys
  6 electric eels (D:10)
  3 centaur zombies (Ossuary)
  Crazy Yiuf (D:6)
  A human zombie (Ossuary)
  3 orc priests
  4 hounds
  A gnoll bouda (D:7)
  Jessica (D:3)
  3 iguanas
  6 orc wizards
  2 polar bear simulacra
  4 troll simulacra (IceCv)
  A spriggan simulacrum (IceCv)
  2 wolf simulacra (IceCv)
  3 mummies (Ossuary)
  11 gnolls
  11 adders
  3 white imps (IceCv)
  3 worms
  4 dart slugs
  43 orcs
  9 ball pythons
  4 bats
  6 endoplasms
  4 giant cockroaches
  A gnoll zombie (Ossuary)
  A goblin (D:3)
  3 hobgoblins
  5 jackals (D:2)
  8 quokkas
  4 frilled lizards
  A goblin zombie (Ossuary)
  2 hobgoblin zombies (Ossuary)
  17 kobolds
  5 rats
  4 fulminant prisms
378 creatures vanquished.

Vanquished Creatures (collateral kills)
  Fannar (Lair:1)
  A hydra (Lair:1)
  Erica (Lair:2)
  A two-headed ogre (D:10)
  A death yak (Lair:3)
  An elephant (Lair:3)
  An orange demon (Lair:2)
  Joseph (Lair:1)
  A cane toad (Lair:3)
  A freezing wraith (IceCv)
  A komodo dragon (Lair:3)
  2 ice devils (IceCv)
  2 blink frogs (Lair:3)
  A wraith (D:10)
  A wyvern (Lair:4)
  3 yaks
  A basilisk (Lair:2)
  A death yak simulacrum (Lair:3)
  An orc warrior (D:8)
  A two-headed ogre simulacrum (IceCv)
  An elephant simulacrum (IceCv)
  Ijyb (D:3)
  A troll simulacrum (IceCv)
  A wolf simulacrum (Lair:3)
  A white imp (IceCv)
  A giant cockroach (D:4)
  A hobgoblin (D:2)
  A jackal (D:2)
  6 foxfires
38 creatures vanquished.

Vanquished Creatures (others)
  An orc (D:4)
  3 bushes
  369 foxfires
  10 fulminant prisms
  78 fungi
  74 plants
535 creatures vanquished.

Grand Total: 951 creatures vanquished

Notes
Turn   | Place    | Note
-------+----------+-------------------------------------------
     0 | D:1      | DemonSlayer the Demonspawn Fire Elementalist began the
                  | quest for the Orb.
     0 | D:1      | Reached XP level 1. HP: 13/13 MP: 3/3
   480 | D:1      | Gained mutation: A weak demonic guardian rushes to your
                  | aid. [demonic ancestry]
   480 | D:1      | Reached XP level 2. HP: 19/19 MP: 1/5
   483 | D:1      | Learned a level 2 spell: Scorch
  1563 | D:2      | Gained mutation: You have an unusually large brain. (Int
                  | +2) [demonic ancestry]
  1563 | D:2      | Reached XP level 3. HP: 17/24 MP: 1/6
  2415 | D:2      | Found a sparkling altar of Nemelex Xobeh.
  2419 | D:2      | Identified the +3 scale mail of the Planets {Harm Drain rF+
                  | Dex+2}
  2421 | D:2      | Reached XP level 4. HP: 30/31 MP: 1/7
  2821 | D:2      | Learned a level 3 spell: Conjure Flame
  3332 | D:3      | Noticed Jessica
  3337 | D:3      | Killed Jessica
  3338 | D:3      | Reached skill level 1 in Polearms
  3427 | D:3      | Gained mutation: Your demonic aura sometimes causes spilled
                  | blood to erupt in flames. [demonic ancestry]
  3427 | D:3      | Reached XP level 5. HP: 36/36 MP: 1/9
  3824 | D:3      | Found a snail-covered altar of Cheibriados.
  3836 | D:3      | Became a worshipper of Cheibriados the Contemplative
  3884 | D:3      | Noticed Ijyb
  3899 | D:3      | Killed Ijyb
  3900 | D:3      | Reached skill level 3 in Spellcasting
  4128 | D:3      | Identified the ring "Vanniug" {rC+ Will+ Dex+5 Slay+3}
  4235 | D:4      | Found a staircase to the Ecumenical Temple.
  4353 | D:4      | Reached skill level 1 in Fighting
  4354 | D:4      | Gained mutation: You have sharp fingernails. [demonic
                  | ancestry]
  4354 | D:4      | Reached XP level 6. HP: 33/43 MP: 0/11
  4355 | D:4      | Found a radiant altar of Vehumet.
  4426 | D:4      | Found Kebihiwk's Weapon Shop.
  4459 | D:4      | Found a glowing drain.
  4485 | D:4      | Reached * piety under Cheibriados
  4490 | Sewer    | Entered a sewer
  5370 | Sewer    | Reached skill level 4 in Spellcasting
  5467 | Sewer    | Learned a level 3 spell: Mephitic Cloud
  5472 | Sewer    | Learned a level 4 spell: Flame Wave
  5496 | D:4      | Reached ** piety under Cheibriados
  5678 | D:4      | Gained mutation: A demonic guardian rushes to your aid.
                  | [demonic ancestry]
  5678 | D:4      | Reached XP level 7. HP: 48/48 MP: 8/13
  5723 | D:4      | Found a shimmering altar of Xom.
  6067 | D:5      | Entered Level 5 of the Dungeon
  6275 | D:5      | Found an ornate altar of the Wu Jian Council.
  6294 | D:5      | Found an opulent altar of Gozag.
  6385 | D:5      | Reached skill level 5 in Spellcasting
  6615 | D:5      | Reached skill level 5 in Fire Magic
  7032 | D:5      | Reached *** piety under Cheibriados
  7156 | D:5      | Learned a level 3 spell: Ozocubu's Armour
  7366 | D:6      | Reached XP level 8. HP: 55/55 MP: 9/16
  7456 | D:6      | Found a shimmering blue altar of Sif Muna.
  7485 | D:6      | Noticed a +0 dagger
  7486 | D:6      | Noticed a +0 hand axe
  7497 | D:6      | Found a sand-covered staircase.
  7502 | Ossuary  | Entered an ossuary
  8271 | D:6      | Found a hide-covered altar of Uskayaw.
  8372 | D:6      | Reached skill level 6 in Spellcasting
  8591 | D:6      | Found a runed translucent door.
  8592 | D:6      | Noticed Crazy Yiuf
  8912 | D:6      | Killed Crazy Yiuf
  9442 | D:7      | Reached skill level 7 in Spellcasting
  9793 | D:7      | Reached **** piety under Cheibriados
  9794 | D:7      | Gained mutation: You have an extremely huge brain. (Int +4)
                  | [demonic ancestry]
  9794 | D:7      | Reached XP level 9. HP: 49/61 MP: 16/19
 10635 | D:8      | Found a basalt altar of Yredelemnul.
 10637 | D:8      | Noticed a profane servitor
 10680 | D:8      | Reached skill level 8 in Spellcasting
 11372 | D:8      | Noticed an angel
 11379 | D:8      | Learned a level 5 spell: Metabolic Englaciation
 11406 | D:9      | Reached skill level 1 in Poison Magic
 11470 | D:9      | Found a broken altar of Ashenzari.
 11486 | D:9      | Reached ***** piety under Cheibriados
 11487 | D:9      | Reached skill level 9 in Spellcasting
 11487 | D:9      | Gained mutation: You have an absolutely massive brain. (Int
                  | +6, Wiz) [demonic ancestry]
 11487 | D:9      | Reached XP level 10. HP: 62/68 MP: 11/23
 12644 | D:9      | Found Feulukh's Antique Weapon Shop.
 12946 | D:9      | Learned a level 4 spell: Olgreb's Toxic Radiance
 12968 | D:10     | Entered Level 10 of the Dungeon
 13118 | D:10     | Reached skill level 10 in Spellcasting
 13584 | D:10     | Found a staircase to the Lair.
 13624 | D:10     | Noticed a two-headed ogre
 13633 | D:10     | Noticed a two-headed ogre
 13634 | D:10     | Killed a two-headed ogre
 13639 | D:10     | Killed a two-headed ogre
 14277 | D:10     | Got the Grimoire of the Jaunt
 14333 | D:10     | Noticed Maggie
 14340 | D:10     | Killed Maggie
 14427 | D:10     | Reached XP level 11. HP: 74/74 MP: 25/25
 14633 | D:10     | Reached skill level 10 in Fire Magic
 14638 | D:10     | Reached skill level 1 in Short Blades
 15165 | D:10     | Learned a level 5 spell: Summon Mana Viper
 15200 | Lair:1   | Entered Level 1 of the Lair of Beasts
 15307 | Lair:1   | Reached skill level 11 in Spellcasting
 15544 | Lair:1   | Noticed Joseph
 15552 | Lair:1   | Killed Joseph
 15798 | Lair:1   | Noticed Fannar
 15799 | Lair:1   | Reached ****** piety under Cheibriados
 15803 | Lair:1   | Noticed Urug
 15813 | Lair:1   | Killed Urug
 15814 | Lair:1   | Killed Fannar
 16167 | Lair:1   | Noticed a six-headed hydra
 16175 | Lair:1   | Killed a six-headed hydra
 16583 | Lair:2   | Reached skill level 1 in Summonings
 16800 | Lair:2   | Noticed Erica
 16808 | Lair:2   | Killed Erica
 16809 | Lair:2   | Reached skill level 1 in Air Magic
 16940 | Lair:2   | Noticed Amaemon
 16948 | Lair:2   | Reached skill level 12 in Spellcasting
 16954 | Lair:2   | Killed Amaemon
 16955 | Lair:2   | Reached skill level 1 in Maces & Flails
 16955 | Lair:2   | Reached XP level 12. HP: 63/80 MP: 6/28
 17212 | Lair:2   | Reached skill level 1 in Ice Magic
 17213 | Lair:2   | Reached skill level 1 in Hexes
 17537 | Lair:2   | Identified the +1 chain mail of Deicup {-Tele rElec rPois
                  | Str+2}
 17896 | Lair:2   | Noticed a death yak
 17896 | Lair:2   | Noticed a death yak
 17896 | Lair:2   | Noticed a death yak
 17896 | Lair:2   | Noticed a death yak
 17897 | Lair:2   | Noticed a death yak
 17898 | Lair:2   | Noticed a death yak
 17918 | Lair:2   | Killed a death yak
 18216 | Lair:2   | Killed a death yak
 18218 | Lair:2   | Killed a death yak
 18222 | Lair:2   | Killed a death yak
 18226 | Lair:2   | Killed a death yak
 18228 | Lair:2   | Killed a death yak
 18972 | Lair:2   | Learned a level 4 spell: Fulminant Prism
 19082 | Lair:3   | Found a frozen archway.
 19381 | IceCv    | Entered an ice cave
 19438 | IceCv    | Reached skill level 13 in Spellcasting
 21227 | IceCv    | Noticed a reaper
 21243 | IceCv    | Killed a reaper
 22126 | Lair:3   | Gained mutation: A powerful demonic guardian rushes to your
                  | aid. [demonic ancestry]
 22126 | Lair:3   | Reached XP level 13. HP: 80/87 MP: 20/30
 22178 | Lair:3   | Found a hole to the Spider Nest.
 22608 | Lair:3   | Found a staircase to the Swamp.
 23184 | Lair:3   | Learned a level 5 spell: Lightning Bolt
 23473 | Lair:3   | You fall into a shaft and drop 2 floors!
 23473 | Lair:5   | Entered Level 5 of the Lair of Beasts
 24792 | Lair:4   | Reached skill level 5 in Dodging
 24974 | Lair:3   | Reached skill level 14 in Spellcasting
 27114 | Lair:4   | Found a staircase to the Slime Pits.
 27115 | Lair:4   | Found a viscous altar of Jiyva.
 27253 | Lair:4   | Slain by a death yak

Illustrated notes

Levels and vault maps discovered:
D:1:      psy_arrival_dodecagon, layout_loops_ring
D:2:      layout_basic, basic_altar
D:3:      layout_rooms, kennysheep_slug_shrine, uniq_ijyb, uniq_jessica
D:4:      layout_loops_ring, brannock_xom_greatest_gift, fiery_altar_vehumet,
          elyvilon_altar_3, minmay_temple_entry_sparse_star, serial_shops,
          kennysheep_mini, portal_sewer_entry_c
D:5:      layout_rooms, nicolae_wu_jian_wuxing_cycle, grunt_gozag_statues
D:6:      layout_loops_ring, dancing_weapons_uskayaw, lemuel_round_altar,
          nicolae_ossuary_entry_plus, uniq_crazy_yiuf_cottage
D:7:      layout_basic, dreamdust_gnoll_farm
D:8:      layout_rooms, grunt_temple_overflow_holy_war, serial_curves,
          eino_curves_03, eino_curves_02, minmay_liquid_box
D:9:      layout_small_grid, nicolae_ashenzari_skybound, serial_shops,
          nicolae_take_the_stairs
D:10:     layout_basic, due_lair_maze_entry_diamond, uniq_maggie
Lair:1:   layout_gridlike, hibernation_bobbens, infiniplex_staircase_pool,
          uniq_joseph, uniq_fannar, uniq_urug
Lair:2:   layout_layer_cave, nicolae_volcano_entry_two_sided,
          nicolae_lair_grove_arrangements, beast_lair_carwin_1,
          lemuel_fruit_tree, uniq_amaemon, uniq_erica
Lair:3:   layout_regular_city, swamp_mist_pool,
          hellmonk_spider_entry_life_and_decay,
          portal_ice_cave_entry_ice_simulacra, grunt_megastairs_3
Lair:4:   layout_regular_city, slime_entry_1, kennysheep_catoblepas_arena
Lair:5:   minmay_lair_end_enchanted_forest, layout_small_grid

Skill      XL: |  1  2  3  4  5  6  7  8  9 10 11 12 13 |
---------------+----------------------------------------+-----
Fire Magic     | 3 4 5 7 8 9 11 12 | 12.5
Dodging        | 2 3 4 5 |  5.7
Stealth        | 2 3 4 |  4.2
Polearms       | 1 |  1.7
Spellcasting   | 3 4 5 7 9 10 12 13 14 | 14.4
Conjurations   | 2 3 4 |  4.1
Fighting       | 1 2 3 4 |  4.0
Poison Magic   | 1 2 3 4 |  4.0
Short Blades   | 2 |  2.0
Summonings     | 1 2 |  2.6
Air Magic      | 1 |  1.9
Maces & Flails | 1 3 4 |  4.4
Ice Magic      | 1 |  1.9
Hexes          | 2 |  2.8
Throwing       | |  0.4
Unarmed Combat | |  0.2
Evocations     | |  0.6

Action                   |  1- 3 |  4- 6 |  7- 9 | 10-12 | 13-15 || total
-------------------------+-------+-------+-------+-------+-------++-------
Melee: Unarmed           |     9 |       |       |       |       ||     9
       Spear             |    60 |    52 |    29 |       |       ||   141
       Punch             |     1 |       |     2 |       |       ||     3
       Rapier            |       |       |    19 |    43 |       ||    62
       Eveningstar       |       |       |       |    61 |    48 ||   109
Throw: Dart              |       |       |       |     1 |       ||     1
       Javelin           |       |       |       |     1 |       ||     1
       Throwing net      |       |       |       |     1 |       ||     1
 Cast: Foxfire           |    58 |   119 |       |    34 |       ||   211
       Scorch            |       |    44 |   166 |   245 |   137 ||   592
       Mephitic Cloud    |       |       |     2 |    20 |     6 ||    28
       Flame Wave        |       |       |     1 |       |     5 ||     6
       Summon Mana Viper |       |       |       |    21 |     2 ||    23
       Olgreb's Toxic Ra |       |       |       |    11 |       ||    11
       Metabolic Englaci |       |       |       |     6 |     3 ||     9
       Fulminant Prism   |       |       |       |    12 |     3 ||    15
       Ozocubu's Armour  |       |       |       |     1 |     4 ||     5
       Conjure Flame     |       |       |       |     1 |       ||     1
       Lightning Bolt    |       |       |       |       |     8 ||     8
Evoke: Wand              |       |       |       |    11 |       ||    11
  Use: Scroll            |       |     6 |    13 |     7 |       ||    26
       Potion            |       |     2 |       |     6 |       ||     8
 Stab: Sleeping          |     2 |     1 |       |       |       ||     3
       Confused          |       |       |     1 |       |     1 ||     2
Armor: Robe              |    21 |    16 |    36 |    48 |       ||   121
       Steam dragon scal |       |       |       |    34 |    84 ||   118
Dodge: Dodged            |    61 |    56 |   127 |   361 |   292 ||   897
